BlackHawks vs Stars

Created - 19 mars 2018 at 17:50

Goals
1 2 3 T
BlackHawks 1 0 1 2
Stars 0 0 0 0
Shots
1 2 3 T
BlackHawks 11 5 17 33
Stars 8 11 10 29

1st period

1. BlackHawks , Radim Vrbata 13 (Artemi Panarin 36) at 9:12 (PP)

Penalties :
Dion Phaneuf (CHI) for High sticking (Minor) at 5:37, Richard Panik (DAL) for Diving (Minor) at 7:45

2nd period

No Goal

Penalties :
Rasmus Ristolainen (DAL) for Tripping (Minor) at 1:28, Jack Eichel (DAL) for Hooking (Minor) at 4:04, Boone Jenner (CHI) for Tripping (Minor) at 8:08

3rd period

2. BlackHawks , Boone Jenner 9 (Dion Phaneuf 33, Artemi Panarin 37) at 3:15

Penalties :
Zdeno Chara (DAL) for Slashing (Minor) at 13:32, Jeff Petry (DAL) for Elbowing (Minor) at 17:36

Goalie Stats

Carey Price (CHI), 29 saves from 29 shots - (1.000), W, 35-22-5, 60:00 minutes
Jonathan Quick (DAL), 31 saves from 33 shots - (0.939), L, 30-22-12, 60:00 minutes

Players Stats for BlackHawks

Player Name              G  A  P  +/- PIM S  H  SB GA TA FO     MP     PP MP  PK MP  
------------------------------------------------------------------------------------
Alex Biega               0  0  0   0  0   0  3  1  0  0  0/0    11:53   0:17   0:00 
Alex Galchenyuk          0  0  0   0  0   3  3  0  0  0  0/0    18:23   4:40   0:20 
Andrew Copp              0  0  0   0  0   3  0  0  0  0  3/16    9:07   0:00   0:42 
Artemi Panarin           0  2  2   1  0   3  0  0  0  0  0/1    17:25   4:23   0:20 
Boone Jenner             1  0  1   1  2   2  2  0  0  0  14/21  17:50   4:23   0:46 
Brent Seabrook           0  0  0   0  0   0  1  2  0  0  0/0    21:19   3:29   2:15 
Chris Stewart            0  0  0   0  0   2  0  0  0  0  0/0    12:09   0:00   0:00 
Chris Tierney            0  0  0   0  0   3  0  1  0  0  8/17   13:43   0:00   1:34 
Darnell Nurse            0  0  0   0  0   0  0  2  0  0  0/0    16:48   0:00   1:13 
Dion Phaneuf             0  1  1   1  2   1  4  1  0  0  0/0    26:13   5:37   1:09 
Jay Beagle               0  0  0   0  0   5  0  0  0  0  5/5    13:43   0:00   1:34 
Matt Beleskey            0  0  0   0  0   0  1  0  0  0  1/1     8:25   0:00   0:00 
Matt Hunwick             0  0  0   0  0   0  0  0  0  0  0/0    16:15   3:29   1:10 
Radim Vrbata             1  0  1   1  0   2  0  0  0  0  0/1    17:05   4:23   0:00 
Ryan OReilly             0  0  0   0  0   4  1  0  0  0  2/4    20:01   5:00   1:38 
Shane Doan               0  0  0   0  0   0  2  0  0  0  0/0     8:45   0:20   0:00 
Shea Weber               0  0  0   1  0   2  0  2  0  0  0/0    27:11   5:54   1:49 
Sidney Crosby            0  0  0   0  0   3  0  0  0  0  11/28  19:45   5:00   1:22 

Players Stats for Stars

Player Name              G  A  P  +/- PIM S  H  SB GA TA FO     MP     PP MP  PK MP  
------------------------------------------------------------------------------------
Brandon Manning          0  0  0   0  0   1  1  2  0  0  0/0    13:18   0:00   2:26 
Devin Shore              0  0  0   0  0   1  0  0  0  0  10/17  12:21   0:00   0:35 
Duncan Keith             0  0  0  -1  0   3  0  1  0  0  0/0    26:50   1:46   5:14 
Jack Eichel              0  0  0  -1  2   1  3  0  0  0  13/32  19:43   1:45   0:00 
Jakub Voracek            0  0  0  -1  0   2  2  0  0  0  1/1    19:44   1:45   0:00 
Jeff Petry               0  0  0   0  2   0  0  0  0  0  0/0    14:25   0:00   3:34 
John Klingberg           0  0  0   0  0   0  0  0  0  0  0/0    20:49   1:46   0:00 
John Mitchell            0  0  0   0  0   0  1  0  0  0  6/9     5:30   0:00   2:51 
Jonathan Huberdeau       0  0  0  -1  0   4  1  0  0  0  0/1    23:15   1:38   1:30 
Jonny Brodzinski         0  0  0   0  0   0  0  0  0  0  0/0     2:39   0:00   0:00 
Kyle Okposo              0  0  0   0  0   3  2  0  0  0  1/2    16:28   2:13   0:00 
Michael Bournival        0  0  0   0  0   0  0  0  0  0  0/0     0:00   0:00   0:00 
Paul Byron               0  0  0   0  0   4  2  0  0  0  1/2    21:35   1:47   5:02 
Rasmus Ristolainen       0  0  0   0  2   0  1  0  0  0  0/0    21:24   2:12   3:16 
Richard Panik            0  0  0   0  2   4  2  0  0  0  0/0    12:18   0:33   0:00 
Ryan Nugent-Hopkins      0  0  0   0  0   3  0  0  0  0  18/30  22:25   2:13   5:57 
Tommy Wingels            0  0  0   0  0   2  0  1  0  0  0/0    14:37   0:00   2:51 
Zdeno Chara              0  0  0  -1  2   1  2  1  0  0  0/0    23:11   2:12   4:16 

3 Stars

1 - Carey Price (CHI)
2 - Artemi Panarin (CHI)
3 - Radim Vrbata (CHI)

Power Play

BlackHawks - 1 on 5 Attempt(s) - 20.00%
Stars - 0 on 2 Attempt(s) - 0.00%

Penalty Kill

BlackHawks - 2 on 2 Attempt(s) - 100.00% - Score 0 goal in Penalty Kill
Stars - 4 on 5 Attempt(s) - 80.00% - Score 0 goal in Penalty Kill

Team Stat

BlackHawks - Hits : 17 - Faceoff Wins : 44 - Blocked Shots : 9 - Penalty Minutes : 4
Stars - Hits : 17 - Faceoff Wins : 50 - Blocked Shots : 5 - Penalty Minutes : 10

Official

Referees : Evgeny Romasko and Brian Pochmara
Linesman : Brian Mach and Brad Lazarowich

Game Notes

No Game Note

Finance

Level 1 -- Attendance: 3411 (56.85%) -- Ticket Income 631 035 $
Level 2 -- Attendance: 2716 (54.32%) -- Ticket Income 353 080 $
Level 3 -- Attendance: 1710 (85.50%) -- Ticket Income 179 550 $
Level 4 -- Attendance: 1225 (27.03%) -- Ticket Income 91 875 $
Luxury Box -- Attendance: 549 (54.90%) -- Ticket Income 197 640 $
Game was played at the American Airlines Center.
Total Attendance: 9611 (51.86%)
Total Ticket Income: 1 453 180 $
Other Income: 217 977 $
Total Income: 1 671 157 $

% Time on Ice - BlackHawks

Lines # - Real PCT - Wanted PCT - Time Play
Normal Forward
1 - 29% - 29% - 13:23
2 - 27% - 27% - 12:42
3 - 26% - 25% - 12:09
4 - 18% - 19% - 8:25
Normal Defense
1 - 42% - 42% - 19:28
2 - 33% - 33% - 15:35
3 - 25% - 25% - 11:36
4 - 0% - 0% - 0:00
PP Forward
1 - 53% - 60% - 5:00
2 - 47% - 40% - 4:23
PP Defense
1 - 63% - 60% - 5:54
2 - 37% - 40% - 3:29
PK Forward
1 - 66% - 60% - 2:36
2 - 34% - 40% - 1:22
PK Defense
1 - 66% - 60% - 2:36
2 - 34% - 40% - 1:22
PK3 Forward
1 - 0% - 60%
2 - 0% - 40%
PK3 Defense
1 - 0% - 60%
2 - 0% - 40%
44 Forward
1 - 0% - 60%
2 - 0% - 40%
44 Defense
1 - 0% - 60%
2 - 0% - 40%
Last Minute Offensive  - 0:00
Last Minute Defensive  - 0:00
Total
Forward - 60:00
Defense - 60:00

% Time on Ice - Stars

Lines # - Real PCT - Wanted PCT - Time Play
Normal Forward
1 - 39% - 40% - 17:59
2 - 31% - 30% - 14:15
3 - 25% - 20% - 11:46
4 - 6% - 10% - 2:39
Normal Defense
1 - 36% - 40% - 16:44
2 - 34% - 30% - 15:57
3 - 23% - 20% - 10:52
4 - 7% - 10% - 3:06
PP Forward
1 - 44% - 60% - 1:45
2 - 56% - 40% - 2:13
PP Defense
1 - 45% - 60% - 1:46
2 - 55% - 40% - 2:12
PK Forward
1 - 70% - 60% - 6:32
2 - 30% - 40% - 2:51
PK Defense
1 - 57% - 60% - 5:23
2 - 43% - 40% - 4:00
PK3 Forward
1 - 0% - 60%
2 - 0% - 40%
PK3 Defense
1 - 0% - 60%
2 - 0% - 40%
44 Forward
1 - 0% - 60%
2 - 0% - 40%
44 Defense
1 - 0% - 60%
2 - 0% - 40%
Last Minute Offensive  - 0:00
Last Minute Defensive  - 0:00
Total
Forward - 60:00
Defense - 60:00

Play by Play

1st period


0:01 of 1st period - Sidney Crosby wins face-off versus Jack Eichel in neutral zone.
0:15 of 1st period - Zdeno Chara is hit by Alex Galchenyuk and loses puck.
1:18 of 1st period - Shot by Kyle Okposo.
1:18 of 1st period - Shot Blocked by Darnell Nurse.
1:20 of 1st period - Shot by Rasmus Ristolainen.
1:20 of 1st period - Shot Blocked by Brent Seabrook.
1:22 of 1st period - Shot by Paul Byron.
1:22 of 1st period - Deflect By Kyle Okposo.
1:22 of 1st period - Shot Misses the Net.
2:05 of 1st period - Shot by Richard Panik.
2:05 of 1st period - Shot Misses the Net.
2:19 of 1st period - Shot by Tommy Wingels.
2:19 of 1st period - Stopped by Carey Price with a rebound.
2:27 of 1st period - Shot by Jay Beagle.
2:27 of 1st period - Stopped by Jonathan Quick without a rebound.
2:28 of 1st period - John Mitchell wins face-off versus Andrew Copp in Stars zone.
3:14 of 1st period - John Mitchell is hit by Alex Biega and loses puck.
4:20 of 1st period - Shot by Paul Byron.
4:20 of 1st period - Shot Misses the Net.
4:22 of 1st period - Shot by Rasmus Ristolainen.
4:22 of 1st period - Deflect By Paul Byron.
4:22 of 1st period - Stopped by Carey Price with a rebound.
5:27 of 1st period - Jack Eichel is hit by Dion Phaneuf and loses puck.
5:37 of 1st period - Minor Penalty to Dion Phaneuf for High sticking.
5:38 of 1st period - Ryan OReilly wins face-off versus Jack Eichel in BlackHawks zone.
6:15 of 1st period - Shea Weber is hit by Jack Eichel.
6:55 of 1st period - Shot by Duncan Keith.
6:55 of 1st period - Stopped by Carey Price without a rebound.
6:56 of 1st period - Jay Beagle wins face-off versus Ryan Nugent-Hopkins in BlackHawks zone.
7:25 of 1st period - Shot by Paul Byron.
7:25 of 1st period - Shot Misses the Net.
7:45 of 1st period - Minor Penalty to Richard Panik for Diving.
7:46 of 1st period - Ryan Nugent-Hopkins wins face-off versus Boone Jenner in Stars zone.
8:34 of 1st period - Icing by Ryan OReilly.
8:35 of 1st period - John Mitchell wins face-off versus Sidney Crosby in BlackHawks zone.
9:12 of 1st period - Shot by Radim Vrbata.
9:12 of 1st period - Goal by Radim Vrbata - BlackHawks : 1 - Stars : 0.
9:13 of 1st period - Andrew Copp wins face-off versus Devin Shore in neutral zone.
9:13 of 1st period - Shane Doan is hit by Richard Panik and loses puck.
9:25 of 1st period - Icing by Shea Weber.
9:26 of 1st period - Jack Eichel wins face-off versus Andrew Copp in BlackHawks zone.
9:36 of 1st period - Icing by Shane Doan.
9:37 of 1st period - Devin Shore wins face-off versus Andrew Copp in BlackHawks zone.
9:37 of 1st period - Richard Panik is hit by Dion Phaneuf and loses puck.
9:56 of 1st period - Rasmus Ristolainen is hit by Shane Doan.
10:00 of 1st period - Shea Weber is hit by Richard Panik and loses puck.
10:20 of 1st period - Icing by Darnell Nurse.
10:21 of 1st period - Boone Jenner wins face-off versus Jack Eichel in BlackHawks zone.
10:21 of 1st period - Boone Jenner is hit by Jakub Voracek.
11:17 of 1st period - Icing by Artemi Panarin.
11:18 of 1st period - Boone Jenner wins face-off versus Ryan Nugent-Hopkins in BlackHawks zone.
11:35 of 1st period - Shot by Chris Tierney.
11:35 of 1st period - Stopped by Jonathan Quick without a rebound.
11:36 of 1st period - Sidney Crosby wins face-off versus Devin Shore in Stars zone.
11:45 of 1st period - Shot by Ryan OReilly.
11:45 of 1st period - Shot Blocked by Brandon Manning.
12:33 of 1st period - Shot by Jay Beagle.
12:33 of 1st period - Shot Blocked by Duncan Keith.
12:35 of 1st period - Shot by Matt Hunwick.
12:35 of 1st period - Shot Misses the Net.
12:37 of 1st period - Shot by Jay Beagle.
12:37 of 1st period - Stopped by Jonathan Quick without a rebound.
12:38 of 1st period - Matt Beleskey wins face-off versus Jack Eichel in Stars zone.
12:39 of 1st period - Shot by Shane Doan.
12:39 of 1st period - Deflect By Andrew Copp.
12:39 of 1st period - Stopped by Jonathan Quick without a rebound.
12:40 of 1st period - Chris Tierney wins face-off versus Jack Eichel in Stars zone.
12:41 of 1st period - Shot by Jay Beagle.
12:41 of 1st period - Stopped by Jonathan Quick with a rebound.
12:43 of 1st period - Shot by Jay Beagle.
12:43 of 1st period - Shot Misses the Net.
12:51 of 1st period - Shot by Chris Stewart.
12:51 of 1st period - Stopped by Jonathan Quick without a rebound.
12:52 of 1st period - Ryan Nugent-Hopkins wins face-off versus Boone Jenner in Stars zone.
12:52 of 1st period - Ryan Nugent-Hopkins is hit by Boone Jenner.
13:13 of 1st period - Off-side.
13:14 of 1st period - Jack Eichel wins face-off versus Chris Tierney in neutral zone.
13:33 of 1st period - Shot by Jack Eichel.
13:33 of 1st period - Shot Blocked by Chris Tierney.
13:35 of 1st period - Shot by Jakub Voracek.
13:35 of 1st period - Stopped by Carey Price without a rebound.
13:36 of 1st period - Ryan Nugent-Hopkins wins face-off versus Boone Jenner in BlackHawks zone.
14:38 of 1st period - Zdeno Chara is hit by Dion Phaneuf and loses puck.
15:23 of 1st period - Off-side.
15:24 of 1st period - Devin Shore wins face-off versus Andrew Copp in neutral zone.
15:37 of 1st period - Shot by Tommy Wingels.
15:37 of 1st period - Stopped by Carey Price without a rebound.
15:38 of 1st period - Ryan Nugent-Hopkins wins face-off versus Radim Vrbata in BlackHawks zone.
16:05 of 1st period - Shot by Radim Vrbata.
16:05 of 1st period - Shot Misses the Net.
16:08 of 1st period - Icing by John Klingberg.
16:09 of 1st period - Chris Tierney wins face-off versus Ryan Nugent-Hopkins in Stars zone.
16:10 of 1st period - Shot by Shea Weber.
16:10 of 1st period - Stopped by Jonathan Quick without a rebound.
16:11 of 1st period - Jack Eichel wins face-off versus Chris Tierney in Stars zone.
16:21 of 1st period - Icing by Duncan Keith.
16:22 of 1st period - Jakub Voracek wins face-off versus Andrew Copp in Stars zone.
16:54 of 1st period - Shot by Jonathan Huberdeau.
16:54 of 1st period - Shot Blocked by Shea Weber.
16:56 of 1st period - Shot by Jakub Voracek.
16:56 of 1st period - Shot Misses the Net.
16:58 of 1st period - Shot by Duncan Keith.
16:58 of 1st period - Stopped by Carey Price with a rebound.
17:17 of 1st period - Icing by Zdeno Chara.
17:18 of 1st period - Sidney Crosby wins face-off versus Jack Eichel in Stars zone.
17:27 of 1st period - Shot by Ryan OReilly.
17:27 of 1st period - Stopped by Jonathan Quick without a rebound.
17:28 of 1st period - Ryan Nugent-Hopkins wins face-off versus Chris Tierney in Stars zone.
17:30 of 1st period - Icing by Paul Byron.
17:31 of 1st period - Ryan Nugent-Hopkins wins face-off versus Sidney Crosby in Stars zone.
17:31 of 1st period - Ryan Nugent-Hopkins is hit by Alex Galchenyuk.
17:36 of 1st period - Icing by Kyle Okposo.
17:37 of 1st period - Chris Tierney wins face-off versus Kyle Okposo in Stars zone.
17:55 of 1st period - Shot by Chris Tierney.
17:55 of 1st period - Shot Misses the Net.
17:57 of 1st period - Shot by Jay Beagle.
17:57 of 1st period - Deflect By Chris Stewart.
17:57 of 1st period - Shot Blocked by Brandon Manning.
18:01 of 1st period - Shot by Jay Beagle.
18:01 of 1st period - Shot Misses the Net.
18:03 of 1st period - Shot by Jay Beagle.
18:03 of 1st period - Stopped by Jonathan Quick without a rebound.
18:04 of 1st period - Sidney Crosby wins face-off versus Devin Shore in Stars zone.
18:18 of 1st period - Shot by Ryan OReilly.
18:18 of 1st period - Deflect By Alex Galchenyuk.
18:18 of 1st period - Stopped by Jonathan Quick without a rebound.
18:19 of 1st period - Boone Jenner wins face-off versus Jack Eichel in Stars zone.
18:21 of 1st period - Radim Vrbata is hit by Zdeno Chara and loses puck.
18:27 of 1st period - Off-side.
18:28 of 1st period - Jack Eichel wins face-off versus Sidney Crosby in neutral zone.
18:50 of 1st period - Shot by Jonathan Huberdeau.
18:50 of 1st period - Stopped by Carey Price without a rebound.
18:51 of 1st period - Ryan Nugent-Hopkins wins face-off versus Chris Tierney in BlackHawks zone.
19:08 of 1st period - Shot by Ryan Nugent-Hopkins.
19:08 of 1st period - Stopped by Carey Price with a rebound.
Goals for this period are 1 for BlackHawks vs 0 for Stars.
Shots for this period are 11 for BlackHawks vs 8 for Stars.

2nd period


0:01 of 2nd period - Sidney Crosby wins face-off versus Jack Eichel in neutral zone.
0:25 of 2nd period - Shot by Jakub Voracek.
0:25 of 2nd period - Stopped by Carey Price without a rebound.
0:26 of 2nd period - Ryan Nugent-Hopkins wins face-off versus Andrew Copp in BlackHawks zone.
0:33 of 2nd period - Shot by Paul Byron.
0:33 of 2nd period - Stopped by Carey Price without a rebound.
0:34 of 2nd period - Boone Jenner wins face-off versus Devin Shore in BlackHawks zone.
0:55 of 2nd period - Shot by Devin Shore.
0:55 of 2nd period - Stopped by Carey Price without a rebound.
0:56 of 2nd period - Andrew Copp wins face-off versus Jack Eichel in BlackHawks zone.
1:06 of 2nd period - Icing by Rasmus Ristolainen.
1:07 of 2nd period - Jack Eichel wins face-off versus Sidney Crosby in Stars zone.
1:28 of 2nd period - Shot by Alex Galchenyuk.
1:28 of 2nd period - Stopped by Jonathan Quick without a rebound.
1:28 of 2nd period - Minor Penalty to Rasmus Ristolainen for Tripping.
1:29 of 2nd period - Boone Jenner wins face-off versus Ryan Nugent-Hopkins in Stars zone.
1:32 of 2nd period - Shot by Boone Jenner.
1:32 of 2nd period - Stopped by Jonathan Quick without a rebound.
1:33 of 2nd period - Boone Jenner wins face-off versus Ryan Nugent-Hopkins in Stars zone.
1:46 of 2nd period - Shot by Ryan Nugent-Hopkins.
1:46 of 2nd period - Shot Misses the Net.
3:23 of 2nd period - Off-side.
3:24 of 2nd period - Boone Jenner wins face-off versus John Mitchell in neutral zone.
3:30 of 2nd period - Artemi Panarin is hit by Rasmus Ristolainen and loses puck.
3:47 of 2nd period - Shot by Chris Stewart.
3:47 of 2nd period - Stopped by Jonathan Quick with a rebound.
3:49 of 2nd period - Shot by Darnell Nurse.
3:49 of 2nd period - Shot Misses the Net.
4:04 of 2nd period - Minor Penalty to Jack Eichel for Hooking.
4:05 of 2nd period - John Mitchell wins face-off versus Ryan OReilly in Stars zone.
4:36 of 2nd period - Shot by Dion Phaneuf.
4:36 of 2nd period - Stopped by Jonathan Quick without a rebound.
4:37 of 2nd period - Boone Jenner wins face-off versus John Mitchell in Stars zone.
4:38 of 2nd period - Shot by Artemi Panarin.
4:38 of 2nd period - Shot Misses the Net.
4:42 of 2nd period - Shot by Artemi Panarin.
4:42 of 2nd period - Shot Misses the Net.
5:08 of 2nd period - Shot by Artemi Panarin.
5:08 of 2nd period - Shot Misses the Net.
6:02 of 2nd period - Shot by Radim Vrbata.
6:02 of 2nd period - Shot Misses the Net.
6:08 of 2nd period - Shot by Shane Doan.
6:08 of 2nd period - Shot Misses the Net.
6:25 of 2nd period - Shot by Matt Hunwick.
6:25 of 2nd period - Deflect By Shane Doan.
6:25 of 2nd period - Shot Misses the Net.
6:55 of 2nd period - Shot by Devin Shore.
6:55 of 2nd period - Deflect By Richard Panik.
6:55 of 2nd period - Stopped by Carey Price without a rebound.
6:56 of 2nd period - Chris Tierney wins face-off versus Ryan Nugent-Hopkins in BlackHawks zone.
6:56 of 2nd period - Chris Tierney is hit by Kyle Okposo.
7:12 of 2nd period - Shot by Paul Byron.
7:12 of 2nd period - Shot Misses the Net.
7:26 of 2nd period - Shot by Paul Byron.
7:26 of 2nd period - Stopped by Carey Price without a rebound.
7:27 of 2nd period - Devin Shore wins face-off versus Artemi Panarin in BlackHawks zone.
7:30 of 2nd period - Shot by Richard Panik.
7:30 of 2nd period - Shot Blocked by Darnell Nurse.
8:08 of 2nd period - Minor Penalty to Boone Jenner for Tripping.
8:09 of 2nd period - Jay Beagle wins face-off versus Jack Eichel in BlackHawks zone.
8:09 of 2nd period - Dion Phaneuf is hit by Jonathan Huberdeau and loses puck.
8:14 of 2nd period - Shot by Jack Eichel.
8:14 of 2nd period - Shot Misses the Net.
9:10 of 2nd period - Shot by Kyle Okposo.
9:10 of 2nd period - Stopped by Carey Price with a rebound.
9:12 of 2nd period - Shot by Paul Byron.
9:12 of 2nd period - Shot Misses the Net.
9:14 of 2nd period - Shot by Zdeno Chara.
9:14 of 2nd period - Stopped by Carey Price without a rebound.
9:15 of 2nd period - Ryan OReilly wins face-off versus Ryan Nugent-Hopkins in BlackHawks zone.
9:23 of 2nd period - Icing by Ryan Nugent-Hopkins.
9:24 of 2nd period - Jay Beagle wins face-off versus Ryan Nugent-Hopkins in Stars zone.
9:52 of 2nd period - Icing by Ryan Nugent-Hopkins.
9:53 of 2nd period - Ryan Nugent-Hopkins wins face-off versus Ryan OReilly in Stars zone.
9:53 of 2nd period - Ryan Nugent-Hopkins is hit by Ryan OReilly.
11:22 of 2nd period - Icing by Jakub Voracek.
11:23 of 2nd period - Jack Eichel wins face-off versus Andrew Copp in Stars zone.
11:23 of 2nd period - Jack Eichel is hit by Shane Doan.
12:05 of 2nd period - Icing by Jack Eichel.
12:06 of 2nd period - Jack Eichel wins face-off versus Boone Jenner in Stars zone.
12:31 of 2nd period - Shot by Kyle Okposo.
12:31 of 2nd period - Stopped by Carey Price without a rebound.
12:32 of 2nd period - Sidney Crosby wins face-off versus Devin Shore in BlackHawks zone.
13:45 of 2nd period - Shot by Jay Beagle.
13:45 of 2nd period - Shot Blocked by Tommy Wingels.
13:50 of 2nd period - Icing by Duncan Keith.
13:51 of 2nd period - Boone Jenner wins face-off versus Devin Shore in Stars zone.
13:52 of 2nd period - Shot by Brent Seabrook.
13:52 of 2nd period - Shot Misses the Net.
15:23 of 2nd period - Paul Byron is hit by Dion Phaneuf and loses puck.
15:28 of 2nd period - Shot by Kyle Okposo.
15:28 of 2nd period - Shot Misses the Net.
15:30 of 2nd period - Shot by Jeff Petry.
15:30 of 2nd period - Shot Misses the Net.
15:50 of 2nd period - Shot by Jonathan Huberdeau.
15:50 of 2nd period - Stopped by Carey Price without a rebound.
15:51 of 2nd period - Sidney Crosby wins face-off versus Jack Eichel in BlackHawks zone.
15:55 of 2nd period - Icing by Alex Galchenyuk.
15:56 of 2nd period - John Mitchell wins face-off versus Sidney Crosby in BlackHawks zone.
16:17 of 2nd period - Icing by Matt Hunwick.
16:18 of 2nd period - Ryan Nugent-Hopkins wins face-off versus Sidney Crosby in BlackHawks zone.
17:03 of 2nd period - Icing by Duncan Keith.
17:04 of 2nd period - Ryan Nugent-Hopkins wins face-off versus Andrew Copp in Stars zone.
17:18 of 2nd period - Icing by Dion Phaneuf.
17:19 of 2nd period - Devin Shore wins face-off versus Andrew Copp in BlackHawks zone.
18:13 of 2nd period - Shot by Jonathan Huberdeau.
18:13 of 2nd period - Stopped by Carey Price with a rebound.
18:15 of 2nd period - Shot by Brandon Manning.
18:15 of 2nd period - Stopped by Carey Price without a rebound.
18:16 of 2nd period - Jack Eichel wins face-off versus Sidney Crosby in BlackHawks zone.
18:18 of 2nd period - Jonathan Huberdeau is hit by Alex Biega.
18:22 of 2nd period - Shot by Jack Eichel.
18:22 of 2nd period - Shot Blocked by Alex Biega.
18:32 of 2nd period - Shot by Ryan OReilly.
18:32 of 2nd period - Stopped by Jonathan Quick without a rebound.
18:33 of 2nd period - Boone Jenner wins face-off versus Ryan Nugent-Hopkins in Stars zone.
19:06 of 2nd period - Brent Seabrook is hit by Paul Byron and loses puck.
19:13 of 2nd period - Paul Byron is hit by Boone Jenner and loses puck.
19:47 of 2nd period - Icing by Dion Phaneuf.
19:48 of 2nd period - Jack Eichel wins face-off versus Sidney Crosby in BlackHawks zone.
Goals for this period are 0 for BlackHawks vs 0 for Stars.
Shots for this period are 5 for BlackHawks vs 11 for Stars.

3rd period


0:01 of 3rd period - Jay Beagle wins face-off versus Jack Eichel in neutral zone.
0:11 of 3rd period - Shot by Chris Tierney.
0:11 of 3rd period - Stopped by Jonathan Quick without a rebound.
0:12 of 3rd period - Sidney Crosby wins face-off versus Ryan Nugent-Hopkins in Stars zone.
0:23 of 3rd period - Shot by Ryan OReilly.
0:23 of 3rd period - Shot Misses the Net.
0:29 of 3rd period - Shot by Sidney Crosby.
0:29 of 3rd period - Stopped by Jonathan Quick with a rebound.
0:31 of 3rd period - Shot by Sidney Crosby.
0:31 of 3rd period - Stopped by Jonathan Quick without a rebound.
0:32 of 3rd period - Jack Eichel wins face-off versus Chris Tierney in Stars zone.
2:00 of 3rd period - Darnell Nurse is hit by Paul Byron and loses puck.
2:06 of 3rd period - Off-side.
2:07 of 3rd period - Devin Shore wins face-off versus Andrew Copp in neutral zone.
3:05 of 3rd period - Shot by Artemi Panarin.
3:05 of 3rd period - Stopped by Jonathan Quick without a rebound.
3:06 of 3rd period - Sidney Crosby wins face-off versus Jack Eichel in Stars zone.
3:09 of 3rd period - Shot by Ryan OReilly.
3:09 of 3rd period - Stopped by Jonathan Quick without a rebound.
3:10 of 3rd period - Boone Jenner wins face-off versus Jack Eichel in Stars zone.
3:15 of 3rd period - Shot by Boone Jenner.
3:15 of 3rd period - Goal by Boone Jenner - BlackHawks : 2 - Stars : 0.
3:16 of 3rd period - Jack Eichel wins face-off versus Sidney Crosby in neutral zone.
3:25 of 3rd period - Shot by Jack Eichel.
3:25 of 3rd period - Deflect By Jonathan Huberdeau.
3:25 of 3rd period - Shot Misses the Net.
3:58 of 3rd period - Icing by Duncan Keith.
3:59 of 3rd period - Boone Jenner wins face-off versus Jonathan Huberdeau in Stars zone.
4:45 of 3rd period - Shot by Kyle Okposo.
4:45 of 3rd period - Stopped by Carey Price with a rebound.
5:31 of 3rd period - Shot by Richard Panik.
5:31 of 3rd period - Stopped by Carey Price without a rebound.
5:32 of 3rd period - John Mitchell wins face-off versus Sidney Crosby in BlackHawks zone.
5:32 of 3rd period - Duncan Keith is hit by Alex Biega and loses puck.
5:57 of 3rd period - Shot by Jonathan Huberdeau.
5:57 of 3rd period - Stopped by Carey Price without a rebound.
5:58 of 3rd period - Devin Shore wins face-off versus Chris Tierney in BlackHawks zone.
6:01 of 3rd period - Shot by Richard Panik.
6:01 of 3rd period - Stopped by Carey Price without a rebound.
6:02 of 3rd period - Devin Shore wins face-off versus Chris Tierney in BlackHawks zone.
6:09 of 3rd period - Shot by Jay Beagle.
6:09 of 3rd period - Stopped by Jonathan Quick without a rebound.
6:10 of 3rd period - Kyle Okposo wins face-off versus Andrew Copp in Stars zone.
6:25 of 3rd period - Shot by Paul Byron.
6:25 of 3rd period - Shot Misses the Net.
6:35 of 3rd period - Shot by Paul Byron.
6:35 of 3rd period - Shot Misses the Net.
6:37 of 3rd period - Shot by Duncan Keith.
6:37 of 3rd period - Stopped by Carey Price with a rebound.
6:39 of 3rd period - Shot by Ryan Nugent-Hopkins.
6:39 of 3rd period - Stopped by Carey Price without a rebound.
6:40 of 3rd period - Chris Tierney wins face-off versus Jack Eichel in BlackHawks zone.
7:14 of 3rd period - Chris Tierney is hit by Jakub Voracek and loses puck.
7:32 of 3rd period - Icing by John Klingberg.
7:33 of 3rd period - Jack Eichel wins face-off versus Sidney Crosby in Stars zone.
7:50 of 3rd period - Icing by Paul Byron.
7:51 of 3rd period - Andrew Copp wins face-off versus Ryan Nugent-Hopkins in Stars zone.
7:55 of 3rd period - Icing by Zdeno Chara.
7:56 of 3rd period - Ryan Nugent-Hopkins wins face-off versus Boone Jenner in Stars zone.
8:13 of 3rd period - Shot by Artemi Panarin.
8:13 of 3rd period - Shot Misses the Net.
8:21 of 3rd period - Shot by Artemi Panarin.
8:21 of 3rd period - Shot Misses the Net.
8:35 of 3rd period - Shot by Artemi Panarin.
8:35 of 3rd period - Stopped by Jonathan Quick without a rebound.
8:36 of 3rd period - Devin Shore wins face-off versus Sidney Crosby in Stars zone.
8:59 of 3rd period - Shot by Richard Panik.
8:59 of 3rd period - Stopped by Carey Price without a rebound.
9:00 of 3rd period - Jack Eichel wins face-off versus Andrew Copp in BlackHawks zone.
10:07 of 3rd period - Shot by Paul Byron.
10:07 of 3rd period - Shot Misses the Net.
10:15 of 3rd period - Shot by Paul Byron.
10:15 of 3rd period - Shot Blocked by Shea Weber.
10:19 of 3rd period - Shot by Duncan Keith.
10:19 of 3rd period - Shot Blocked by Dion Phaneuf.
10:21 of 3rd period - Shot by Paul Byron.
10:21 of 3rd period - Stopped by Carey Price without a rebound.
10:22 of 3rd period - Devin Shore wins face-off versus Sidney Crosby in BlackHawks zone.
10:22 of 3rd period - Devin Shore is hit by Brent Seabrook.
10:28 of 3rd period - Shot by Richard Panik.
10:28 of 3rd period - Shot Misses the Net.
11:25 of 3rd period - Artemi Panarin is hit by Kyle Okposo and loses puck.
11:44 of 3rd period - Shot by Ryan Nugent-Hopkins.
11:44 of 3rd period - Stopped by Carey Price with a rebound.
11:57 of 3rd period - Shot by Paul Byron.
11:57 of 3rd period - Shot Misses the Net.
12:20 of 3rd period - Shot by Jack Eichel.
12:20 of 3rd period - Stopped by Carey Price without a rebound.
12:21 of 3rd period - John Mitchell wins face-off versus Chris Tierney in BlackHawks zone.
12:43 of 3rd period - Off-side.
12:44 of 3rd period - Sidney Crosby wins face-off versus Jack Eichel in neutral zone.
12:57 of 3rd period - Ryan OReilly is hit by Jack Eichel and loses puck.
13:27 of 3rd period - Off-side.
13:28 of 3rd period - Ryan Nugent-Hopkins wins face-off versus Andrew Copp in neutral zone.
13:32 of 3rd period - Minor Penalty to Zdeno Chara for Slashing.
13:33 of 3rd period - Boone Jenner wins face-off versus Ryan Nugent-Hopkins in Stars zone.
13:40 of 3rd period - Shot by Shea Weber.
13:40 of 3rd period - Stopped by Jonathan Quick without a rebound.
13:41 of 3rd period - Paul Byron wins face-off versus Sidney Crosby in Stars zone.
14:42 of 3rd period - Matt Hunwick is hit by John Mitchell and loses puck.
15:40 of 3rd period - Jay Beagle is hit by Jack Eichel.
15:54 of 3rd period - Shot by Jonathan Huberdeau.
15:54 of 3rd period - Shot Blocked by Brent Seabrook.
15:57 of 3rd period - Icing by Darnell Nurse.
15:58 of 3rd period - Devin Shore wins face-off versus Chris Tierney in BlackHawks zone.
16:19 of 3rd period - Icing by Brent Seabrook.
16:20 of 3rd period - Chris Tierney wins face-off versus Jack Eichel in BlackHawks zone.
16:26 of 3rd period - Icing by Chris Stewart.
16:27 of 3rd period - Chris Tierney wins face-off versus Jack Eichel in BlackHawks zone.
16:51 of 3rd period - John Klingberg is hit by Matt Beleskey and loses puck.
17:00 of 3rd period - Shot by Andrew Copp.
17:00 of 3rd period - Stopped by Jonathan Quick with a rebound.
17:31 of 3rd period - Artemi Panarin is hit by Brandon Manning and loses puck.
17:35 of 3rd period - Icing by Ryan Nugent-Hopkins.
17:36 of 3rd period - Sidney Crosby wins face-off versus Paul Byron in Stars zone.
17:36 of 3rd period - Minor Penalty to Jeff Petry for Elbowing.
17:37 of 3rd period - Ryan Nugent-Hopkins wins face-off versus Sidney Crosby in Stars zone.
18:05 of 3rd period - Shot by Ryan OReilly.
18:05 of 3rd period - Shot Blocked by Zdeno Chara.
18:07 of 3rd period - Shot by Sidney Crosby.
18:07 of 3rd period - Stopped by Jonathan Quick without a rebound.
18:08 of 3rd period - Ryan Nugent-Hopkins wins face-off versus Boone Jenner in Stars zone.
18:23 of 3rd period - Shot by Radim Vrbata.
18:23 of 3rd period - Stopped by Jonathan Quick without a rebound.
18:24 of 3rd period - Ryan Nugent-Hopkins wins face-off versus Sidney Crosby in Stars zone.
18:24 of 3rd period - Ryan Nugent-Hopkins is hit by Alex Galchenyuk.
18:38 of 3rd period - Shot by Alex Galchenyuk.
18:38 of 3rd period - Stopped by Jonathan Quick without a rebound.
18:39 of 3rd period - Ryan Nugent-Hopkins wins face-off versus Boone Jenner in Stars zone.
18:54 of 3rd period - Shot by Artemi Panarin.
18:54 of 3rd period - Stopped by Jonathan Quick without a rebound.
18:55 of 3rd period - Ryan Nugent-Hopkins wins face-off versus Sidney Crosby in Stars zone.
19:24 of 3rd period - Shot by Ryan OReilly.
19:24 of 3rd period - Stopped by Jonathan Quick without a rebound.
19:25 of 3rd period - Boone Jenner wins face-off versus John Mitchell in Stars zone.
19:25 of 3rd period - Boone Jenner is hit by Zdeno Chara.
19:44 of 3rd period - Shot by Matt Beleskey.
19:44 of 3rd period - Shot Misses the Net.
19:46 of 3rd period - Shot by Andrew Copp.
19:46 of 3rd period - Stopped by Jonathan Quick without a rebound.
19:47 of 3rd period - Jay Beagle wins face-off versus Devin Shore in Stars zone.
19:48 of 3rd period - Shot by Chris Tierney.
19:48 of 3rd period - Stopped by Jonathan Quick without a rebound.
19:49 of 3rd period - Chris Tierney wins face-off versus Jack Eichel in Stars zone.
Goals for this period are 1 for BlackHawks vs 0 for Stars.
Shots for this period are 17 for BlackHawks vs 10 for Stars.